Map: Orbital Shipyard

Players

Chris (MCanning)

  • Race: Protoss Protoss
  • League: Master

GameOfMoans - Winner!

  • Race: Protoss Protoss
  • League: Master

VOD

Have the link to the VOD?

Description

Time

  • Played on: Nov. 13, 2015, 10:48 p.m.
  • Length: 2:56
Show
View Real Time Build Order
Export as new Build Order

Chris Protoss 

Build Orders:  

Get SALT Encoding   

  12  0:02  Probe (Chrono Boost)  
  13  0:12  Probe (Chrono Boost)  
  14  0:17  Pylon  
  14  0:23  Probe (Chrono Boost)  
  15  0:35  Probe (Chrono Boost)  
  16  0:40  Gateway  
  16  0:46  Probe (Chrono Boost)  
  17  0:50  Assimilator  
  17  0:56  Probe (Chrono Boost)  
  18  1:07  Probe (Chrono Boost)  
  19  1:17  Pylon  
  19  1:27  Cybernetics Core, Zealot (Chrono Boost)  
  21  1:33  Pylon  
  21  1:36  Pylon  
  21  1:53  Pylon  
  21  2:05  Mothership Core (Chrono Boost)  
Show
View Real Time Build Order
Export as new Build Order

GameOfMoans Protoss - Winner!

Build Orders: Cannon Rush 

Get SALT Encoding   

  12  0:01  Probe (Chrono Boost)  
  13  0:11  Probe (Chrono Boost)  
  14  0:18  Pylon  
  14  0:22  Probe (Chrono Boost)  
  15  0:36  Probe (Chrono Boost)  
  15  0:39  Forge  
  16  0:46  Probe (Chrono Boost)  
  17  0:57  Probe (Chrono Boost)  
  18  1:12  Pylon  
  18  1:14  Pylon  
  18  1:15  Pylon  
  18  1:17  Probe (Chrono Boost)  
  19  1:31  Photon Cannon  
  19  1:34  Photon Cannon x2  
  19  1:42  Photon Cannon  
  19  1:53  Gateway  
  19  1:59  Probe (Chrono Boost)  
  20  2:05  Pylon  
  20  2:12  Probe (Chrono Boost)  
  20  2:14  Photon Cannon  
  21  2:15  Assimilator  
  21  2:21  Assimilator  
  21  2:33  Probe (Chrono Boost)  
  22  2:50  Cybernetics Core  
Tags
 
Add a new tag
Caveats
  • Supply blocks, unpowered buildings, or Contaminate may cause inaccurate times.
  • Supply counts are checked every 10 seconds.